Cogmind - Beta 14 @@@ ROGUE MODE // 2024.08.14 @ 18:46:14 Player: Gaffe Result: Destroyed by as-52893 with Assembled Blade Performance ------------- Evolutions (0) 0 Regions Visited (4) 800 Robots Destroyed (19) 95 Value Destroyed (625) 625 Prototype IDs (23) 460 Alien Tech Used (0) 0 Bonus (300) 300 TOTAL SCORE: 2280 Bonus ------- Aligned with FarCom 300 Cogmind --------- Core Integrity 0/250 Matter 276/300 Energy 252/265 System Corruption 0% Temperature Cool (61) Movement Walking (90) Location -9/Mines Parts ------- > --- POWER (1) -------- Improved Ion Engine > --- PROPULSION (2) --- VSS Leg > --- UTILITY (2) ------ Signal Interpreter > --- WEAPON (2) ------- Beam Rifle > --- INVENTORY (5) ---- Medium Storage Unit Advanced Visual Processing Unit Sensor Array Chronowheel Peak State ------------ > --- POWER ------------ Improved Ion Engine > --- PROPULSION ------- Aluminum Leg VSS Leg > --- UTILITY ---------- Medium Storage Unit Signal Interpreter > --- WEAPON ----------- Heavy Assault Rifle > --- INVENTORY -------- Improved Ion Engine Compact Wheel Superbattery Advanced Visual Processing Unit Sensor Array Improved Terrain Scanner 0b10 Alert Chip Reflective Plating Chronowheel Beam Rifle [Rating: 14] Favorites ----------- Power Improved Ion Engine Engine Improved Ion Engine Power Core Light Nuclear Core Propulsion Aluminum Leg Leg Aluminum Leg Utility Signal Interpreter Storage Small Storage Unit Processor Signal Interpreter Protection Reflective Plating Weapon Beam Cannon Energy Gun Particle Gun Energy Cannon Beam Cannon Ballistic Gun Heavy Assault Rifle Build | -11 -10 -10 -10 -9 ------- Run | Yrd Mat Min Exi Min Slots Evolved . | . . . . . Power . | . . . . . Propulsion . | . . . . . Utility . | . . . . . Weapon . | . . . . . Parts Attached 31 | 6 11 12 . 2 Power 5 | 1 3 1 . . Engine 4 | 1 2 1 . . Core 1 | . 1 . . . Reactor . | . . . . . Propulsion 8 | 2 3 3 . . Treads . | . . . . . Leg 8 | 2 3 3 . . Wheel . | . . . . . Hover . | . . . . . Flight . | . . . . . Utility 9 | 1 2 5 . 1 Device . | . . . . . Storage 4 | 1 . 3 . . Processor 2 | . 2 . . . Hackware . | . . . . . Protection 3 | . . 2 . 1 Artifact . | . . . . . Weapon 9 | 2 3 3 . 1 Energy Gun 4 | 1 1 1 . 1 Energy Cannon 2 | . 2 . . . Ballistic Gun 3 | 1 . 2 . . Ballistic Cannon . | . . . . . Launcher . | . . . . . Special Weapon . | . . . . . Impact Weapon . | . . . . . Slashing Weapon . | . . . . . Piercing Weapon . | . . . . . Special Melee Weapon . | . . . . . Unidentified Prototypes . | . . . . . Parts Lost 4 | . 3 . . 1 Power 1 | . 1 . . . Propulsion 1 | . 1 . . . Utility . | . . . . . Weapon 2 | . 1 . . 1 Highest Loss Streak 3 | . 3 . . 1 To Critical Strikes . | . . . . . Average Slot Usage (%) 86 | . 83 94 85 85 Engine 10 | . 5 14 14 14 Leg 27 | . 27 27 28 28 Storage 13 | . 14 13 14 9 Processor 11 | . 9 14 14 14 Energy Gun 4 | . 7 2 . . Energy Cannon 7 | . 10 8 . . Ballistic Gun 9 | . 6 11 14 14 Peak Build Rating 14 | 6 9 13 14 14 Average Rating 8 | 4 6 9 12 13 On Entrance 7 | . 6 8 11 14 Naked Turns . | . . . . . Heaviest Build 21 | 10 16 21 20 20 Greatest Support 22 | 20 20 22 22 22 Greatest Overweight (x) 1 | 1 1 1 . . Average Overweight (x) . | . . . . . Largest Inventory Capacity 10 | 8 8 10 10 10 Average Capacity 8 | 7 8 9 10 8 Most Carried 10 | 2 8 9 10 10 Average Carried 7 | 1 6 7 9 8 Final Capacity 10 | 8 8 10 10 5 Final Carried 10 | 2 7 8 10 4 Class Distribution -------------------- 63% | Mutant 36% | Scavenger-Mutant Dominant Class ---------------- Mutant | -10/Materials Mutant | -10/Mines Scavenger-Mutant | -10/Exiles Scavenger-Mutant | -9/Mines Resources | -11 -10 -10 -10 -9 ----------- Run | Yrd Mat Min Exi Min Matter Collected 534 | 251 118 165 . . Remotely . | . . . . . Salvage Created 701 | . 430 261 . 10 Parts 47 | . 28 19 . . Haulers Intercepted . | . . . . . Recyclers Shooed . | . . . . . Parts Field Recycled . | . . . . . Retrieved Matter . | . . . . . Parts Self-Destructed . | . . . . . Prevented . | . . . . . Kills | -11 -10 -10 -10 -9 ------- Run | Yrd Mat Min Exi Min Combat Hostiles Destroyed 18 | . 10 7 . 1 Guns 7 | . . 6 . 1 Cannons 11 | . 10 1 . . Classes Destroyed 5 | . 2 2 . 1 Watcher 2 | . 2 . . . Swarmer 3 | . . 3 . . Grunt 12 | . 10 2 . . Sentry 2 | . . 2 . . Assembled 1 | . . . . 1 Best Kill Streak 3 | . 3 2 . 1 Combat Bots Only 3 | . 3 2 . 1 Max Kills in Single Turn 1 | . 1 1 . 1 Gunslinging . | . . . . . Exploded . | . . . . . Melee . | . . . . . Uniques/NPCs Destroyed . | . . . . . Combat | -11 -10 -10 -10 -9 -------- Run | Yrd Mat Min Exi Min Hostile Shots Fired 128 | . 58 52 . 18 Missed 26 | . 10 10 . 6 Damage Taken 1461 | . 630 551 . 280 Core 278 | . 152 87 . 39 Absorbed by Shields . | . . . . . Ignored by Resistances 11 | . . 11 . . Regen/Repaired (Parts) 80 | . 80 . . . Core Remaining (%) 100 | 100 . . . . Volleys Fired 72 | . 44 24 . 4 Largest 2 | . 2 2 . 2 Hottest 125 | . 125 125 . 79 Shots Fired 113 | . 69 39 . 5 Gun 54 | . 25 24 . 5 Cannon 59 | . 44 15 . . Launcher . | . . . . . Special . | . . . . . Kinetic 44 | . 24 17 . 3 Thermal 69 | . 45 22 . 2 Explosive . | . . . . . Electromagnetic . | . . . . . Robot Hit Streak 9 | . 9 9 . 4 Robot Miss Streak 4 | . 4 4 . 1 Penetration Max . | . . . . . Secondary Targets . | . . . . . Shots Hit Robots 66 | . 43 19 . 4 Core Hits 33 | . 19 10 . 4 Critical Kills . | . . . . . Critical Parts Destroyed . | . . . . . Critical Strikes . | . . . . . Melee Attacks . | . . . . . Impact . | . . . . . Slashing . | . . . . . Piercing . | . . . . . Sneak Attacks . | . . . . . Combat Hostiles . | . . . . . Follow-up Attacks . | . . . . . Damage Inflicted 1015 | . 662 283 . 70 Guns 390 | . 123 197 . 70 Cannons 625 | . 539 86 . . Explosions . | . . . . . Melee . | . . . . . Ramming . | . . . . . Kinetic 299 | . 109 149 . 41 Thermal 716 | . 553 134 . 29 Explosive . | . . . . . Electromagnetic . | . . . . . Impact . | . . . . . Slashing . | . . . . . Piercing . | . . . . . Highest Corruption . | . . . . . Average Corruption . | . . . . . Corruption Purged . | . . . . . Corruption Blocked . | . . . . . Overload Shots . | . . . . . Overflow Damage . | . . . . . Projectiles . | . . . . . Explosions . | . . . . . Melee . | . . . . . Knockbacks . | . . . . . Impact . | . . . . . Kinetic . | . . . . . Secondary . | . . . . . Self-Inflicted Damage . | . . . . . Shots . | . . . . . Rammed . | . . . . . Targets Rammed . | . . . . . Kicked . | . . . . . Crushed . | . . . . . Highest Temperature 315 | . 310 315 . 61 Average Temperature 103 | . 99 111 . 40 Received Heat Transfer 619 | . 375 204 . 40 Siege Activations . | . . . . . Robots Corrupted . | . . . . . Combat Hostiles . | . . . . . Parts Fried . | . . . . . Impact Corruptions . | . . . . . Robots Melted . | . . . . . Combat Hostiles . | . . . . . Parts Melted 1 | . 1 . . . Heat Transferred 1554 | . 1184 296 . 74 Parts Sabotaged . | . . . . . Parts Stolen . | . . . . . Parts Stripped . | . . . . . Power Chain Reactions . | . . . . . Alert | -11 -10 -10 -10 -9 ------- Run | Yrd Mat Min Exi Min Peak Influence 173 | . 152 173 . . Initial 3 | . . 3 . . Average 52 | . 47 67 . . Maximum Alert Level . | . . . . . Low Security (%) 100 | 100 100 100 . 100 Level 1 . | . . . . . Level 2 . | . . . . . Level 3 . | . . . . . Level 4 . | . . . . . Level 5 . | . . . . . High Security . | . . . . . Max Security . | . . . . . Squads Dispatched 1 | . 1 . . . Investigation . | . . . . . Extermination . | . . . . . Reinforcement 1 | . 1 . . . Assault . | . . . . . Garrison . | . . . . . Intercept . | . . . . . Searches Triggered . | . . . . . Construction Impeded . | . . . . . Haulers Reinforced . | . . . . . Active Scanning Responses . | . . . . . Cargo Convoy Interrupts . | . . . . . Stealth | -11 -10 -10 -10 -9 --------- Run | Yrd Mat Min Exi Min Distress Signals 3 | . 3 . . . Communications Jammed . | . . . . . Distress Signals . | . . . . . Times Spotted 39 | . 17 9 . 13 Peak Tracking Total 18 | . 5 3 . 18 Tactical Retreats 3 | . . 2 . 1 Traps | -11 -10 -10 -10 -9 ------- Run | Yrd Mat Min Exi Min Traps Triggered 1 | . . 1 . . Indirectly . | . . . . . Trap Hack Attempts . | . . . . . Triggered . | . . . . . Disarmed . | . . . . . Reprogrammed . | . . . . . Reused . | . . . . . Traps Extracted . | . . . . . Installed . | . . . . . Triggered . | . . . . . Machines | -11 -10 -10 -10 -9 ---------- Run | Yrd Mat Min Exi Min Machines Disabled . | . . . . . Max in Single Turn . | . . . . . Machines Repaired . | . . . . . Machines Dismantled . | . . . . . Machines Sabotaged . | . . . . . Overloaded Fab Kills . | . . . . . Hacking | -11 -10 -10 -10 -9 --------- Run | Yrd Mat Min Exi Min Machines Accessed 8 | . 5 1 2 . Terminals 4 | . 4 . . . Fabricators . | . . . . . Repair Stations 1 | . 1 . . . Recycling Units . | . . . . . Scanalyzers . | . . . . . Garrison Access . | . . . . . Total Hacks 9 | . 6 1 2 . Successful 8 | . 5 1 2 . Failed 1 | . 1 . . . Catastrophic 1 | . 1 . . . Database Lockouts . | . . . . . Manual 1 | . . . 1 . Terminals 4 | . 4 . . . Fabricators . | . . . . . Repair Stations 2 | . 2 . . . Recycling Units . | . . . . . Scanalyzers . | . . . . . Garrison Access . | . . . . . Terminal Hacks 6 | . 3 1 2 . Record 1 | . . . 1 . Open Door 1 | . . 1 . . Alert Level 1 | . 1 . . . Recall Investigation 1 | . 1 . . . Registered Components 1 | . 1 . . . Derelict Proto ID Bank 1 | . . . 1 . Fabricator Hacks . | . . . . . Repair Station Hacks 2 | . 2 . . . Scan Component 1 | . 1 . . . Repair 1 | . 1 . . . Recycling Unit Hacks . | . . . . . Scanalyzer . | . . . . . Garrison Access Hacks . | . . . . . Unauthorized Hacks . | . . . . . Terminals . | . . . . . Fabricators . | . . . . . Repair Stations . | . . . . . Recycling Units . | . . . . . Scanalyzers . | . . . . . Garrison Access . | . . . . . Data Cores Recovered . | . . . . . Used . | . . . . . Hacking Detections 2 | . 2 . . . Full Trace Events . | . . . . . Feedback Events . | . . . . . Feedback Blocked . | . . . . . Robot Schematics Acquired . | . . . . . Robots Built . | . . . . . Authchips . | . . . . . Time . | . . . . . Total Robot Build Rating . | . . . . . Part Schematics Acquired . | . . . . . Parts Built . | . . . . . Authchips . | . . . . . Time . | . . . . . Total Part Build Rating . | . . . . . Parts Repaired 1 | . 1 . . . Time 26 | . 26 . . . Parts Recycled . | . . . . . Recycled Matter . | . . . . . Retrieved Matter . | . . . . . Retrieved Components . | . . . . . Parts Scanalyzed . | . . . . . Part Schematics Acquired . | . . . . . Parts Damaged . | . . . . . Bothacking | -11 -10 -10 -10 -9 ------------ Run | Yrd Mat Min Exi Min Used RIF Installer . | . . . . . Robots Hacked . | . . . . . Non-combat . | . . . . . Combat . | . . . . . Robot Hacks Applied . | . . . . . Relay Couplers Released . | . . . . . Fabnet Peak Effective % . | . . . . . Robots Rewired . | . . . . . Allies Hacked . | . . . . . Hacks Repelled . | . . . . . Allies | -11 -10 -10 -10 -9 -------- Run | Yrd Mat Min Exi Min Total Allies . | . . . . . Largest Group . | . . . . . Highest-Rated Group . | . . . . . Highest-Rated Ally . | . . . . . Total Orders . | . . . . . Ally Attacks . | . . . . . Total Damage . | . . . . . Kills . | . . . . . Allies Corrupted . | . . . . . Allies Melted . | . . . . . Intel | -11 -10 -10 -10 -9 ------- Run | Yrd Mat Min Exi Min Robot Analysis Total . | . . . . . Derelict Logs Recovered 1 | . . 1 . . Drone Launches . | . . . . . Drone Recoveries . | . . . . . Exploration | -11 -10 -10 -10 -9 ------------- Run | Yrd Mat Min Exi Min Turns Passed 2356 | 57 1048 624 598 29 Spaces Moved 1700 | 41 661 426 561 11 Core 6 | 6 . . . . Treads . | . . . . . Legs 1694 | 35 661 426 561 11 Wheels . | . . . . . Hover . | . . . . . Flight . | . . . . . Fastest Speed 50 | 50 120 105 105 105 Average Speed 112 | 114 120 109 105 105 Slowest Speed 190 | 120 190 190 105 105 Overloaded Moves . | . . . . . Propulsion Burnouts . | . . . . . Robots Hopped . | . . . . . Cave-ins Triggered . | . . . . . Exploration Rate (%) 51 | 3 87 74 91 4 Regions Visited 4 Branch Regions 3 Pre-discovered Areas . | . . . . . Known Exits Taken 3 | . 1 1 1 . Unknown Exits Taken 1 | 1 . . . . Scrap Searched 1 | . . 1 . . Spaces Dug . | . . . . . Terrain Destroyed . | . . . . . Melee . | . . . . . Projectile . | . . . . . AOE . | . . . . . Terrain Rammed . | . . . . . Walls Destroyed . | . . . . . Machines Disabled . | . . . . . Actions | -11 -10 -10 -10 -9 --------- Run | Yrd Mat Min Exi Min Total 2035 | 48 847 546 570 24 Wait 184 | . 109 62 6 7 Move 1696 | 40 660 425 560 11 Hop . | . . . . . Pick Up 30 | 2 14 11 3 . Fast Attach 16 | 6 5 5 . . Attach 7 | . 4 2 . 1 Detach 3 | . . 3 . . Swap 8 | . 2 5 . 1 Drop 19 | . 9 9 1 . Fire 72 | . 44 24 . 4 Melee . | . . . . . Ram . | . . . . . Kick . | . . . . . Crush . | . . . . . Escape Stasis . | . . . . . Rewire . | . . . . . Trap . | . . . . . Miscellaneous . | . . . . . Route ------- -11/Scrapyard -10/Materials (discovered 3 exits: *Mat x2 / *Min) -10/Mines (discovered 3 exits: *Mat x2 / *Exi) -10/Exiles -9/Mines History --------- Turn | Location | Event 7 | -11/Scrapyard | Discovered new exit (range 15) 58 | -11/Scrapyard | Entered Materials 169 | -10/Materials | Discovered new exit (range 6) 332 | -10/Materials | Build established: Mutant 444 | -10/Materials | Discovered new exit (range 10) 453 | -10/Materials | Identified exit to Materials 605 | -10/Materials | Lost 3 parts (1p1n1w) 667 | -10/Materials | Core integrity fell below 50% 715 | -10/Materials | Repaired Beam Cannon 940 | -10/Materials | Discovered exit to Materials (range 6) 1103 | -10/Materials | Identified exit to Mines 1106 | -10/Materials | Entered Mines 1323 | -10/Mines | Met a Derelict who couldn't figure out how to use a Trap Extractor 1400 | -10/Mines | Discovered exit to Materials (range 13) 1455 | -10/Mines | Discovered exit to Materials (range 8) 1591 | -10/Mines | Core integrity fell below 20% 1655 | -10/Mines | Learned Materials non-interactive machine intel 1696 | -10/Mines | Found a hidden stash of uninstalled traps 1726 | -10/Mines | Deemed a non-threat by the Exiles lab entrance 1726 | -10/Mines | Discovered new exit (range 5) 1729 | -10/Mines | Identified exit to Exiles 1730 | -10/Mines | Entered Exiles 1758 | -10/Exiles | Met 8R-AWN 1776 | -10/Exiles | Met EX-HEX 1794 | -10/Exiles | Build established: Scavenger-Mutant 1810 | -10/Exiles | Met EX-BIN 1827 | -10/Exiles | Aligned with FarCom system 1828 | -10/Exiles | Given EX-Vault access code 1859 | -10/Exiles | Opened EX-Vault 1864 | -10/Exiles | Found 0b10 Alert Chip 1867 | -10/Exiles | Found Superbattery 1902 | -10/Exiles | Warned to stay clear of 0b10 Research branches 1930 | -10/Exiles | Met EX-DEC 1969 | -10/Exiles | Visited The Gauntlet 2205 | -10/Exiles | Found Chronowheel 2309 | -10/Exiles | Discovered new exit (range 14) 2322 | -10/Exiles | Identified exit to Mines 2328 | -10/Exiles | Stole three prototypes: Superbattery, 0b10 Alert Chip, Chronowheel 2328 | -10/Exiles | Entered Mines 2334 | -9/Mines | Assembled infested the area 2339 | -9/Mines | Assisted by a Guerilla fighting off Assembled 2357 | -9/Mines | Destroyed by as-52893 with Assembled Blade Last Messages --------------- A derelict emerges from the shadows: "You need to get out of here! I've been tracking a group of Assembled to figure out where they're coming from, and they're closing on this area, come on!" as-49050 sneak attacks. T-07 Excavator destroyed. HV Slug penetrates as-49050. as-49050 suffers critical hit (Destroy). HV Slug penetrates Wall. 0G-Q61(h) destroyed. Reflective Plating severed. as-61500 destroyed. Hvy. Assault Rifle destroyed. Aluminum Leg severed. as-96664 destroyed. as-49050 destroyed. as-92750 destroyed. as-27765 destroyed. as-00944 destroyed. Map ----- +----------------------------------------------------+ | ??????????????????????????????????????????? | | ??????????????????????????????????????????? | | ??????????????????????????????????????????? | | ??????????????????????????????????????????? | | ??????????????????????????????????????????? | | ??????????????????????????????????????????? | | ??????????????????????????????????????????? | | ??????????????????????????????????????????? | | ??????????????????????????????????????????? | | ??????????????????????????????????????????? | | ??????????????????????????????????????????? | | ??????????????????????????????????????????? | | ??????????????????????????????????????????? | | ??????????????????????????????????????????? | | ??????????????????????????????????????????? | | ??????????????????????????????????????????? | | ???????????????####???????????????????????? | | ??????????????## #######?????????????????? | | ?????????????## #?????????????????? | | ?????????????# #### # #????????? | | ?????????????# a % a =%=???????? | | ??????????????# = ! ???????? | | ??????????????## %%%* #####??????????????? | | ???????????????# %!% ????????d???????????? | | ???????????????#=aaa#?????????????????????? | | ???????????????##a@##???????????d?????????? | | ????????????????####??????????????????????? | | ??????????????????????????????????????????? | | ??????????????????????????????????????????? | | ??????????????????????????????????????????? | | ??????????????????????????????????????????? | | ??????????????????????????????????????????? | | ??????????????????????????????????????????? | | ??????????????????????????????????????????? | | ??????????????????????????????????????????? | | ??????????????????????????????????????????? | | ??????????????????????????????????????????? | | ??????????????????????????????????????????? | | ??????????????????????????????????????????? | | ??????????????????????????????????????????? | | ??????????????????????????????????????????? | | ??????????????????????????????????????????? | | | | | | | | | | | | | | | | | +----------------------------------------------------+ Best States ------------- Heat Dissipation 25 Energy Generation 14 Energy Capacity 265 Matter Stores 300 Matter Capacity 300 Sight Range 16 Terrain Scan Density 10 Armor Coverage 150 Resistance: TH 10 Evasion (%) 55 Item Schematics ----------------- None Robot Schematics ------------------ None Fabricated ------------ Nothing Alien Tech Used ----------------- None Achievements -------------- None Challenges ------------ None Game ------ Seed NovaLightpackRail Manual? 0 Play Time 00:35:26 Cumulative 9.3 hours Start 2024.08.14 @ 18:10:39 End 2024.08.14 @ 18:46:14 Sessions 1 Manual Loads 0 Difficulty Rogue Special Mode None Game No. 14 Rogue 14 Adventurer 0 Explorer 0 Win Type - Total 0 Types 0/0/0/0/0/0/0/0/0 Lore% 7 Gallery% 11 Achievement% 10 Wizard Run 0 Options --------- Layout 1 ASCII 0 Keyboard 0 Movement Mouse Keybinds 0 Fullscreen 2 Font 32/SmallcapsGlow Map View 50x35 Zoom Use 0% Tactical HUD 0 Map Filters NONE Filters NONE Steam 1 RUN: 1c757745-b671-4243-a175-0acf50899e31